 Dungeon Crawl Stone Soup version 0.17-a0-1572-g7a1422d (webtiles) character file.

748 Chiseanne the Skirmisher (level 7, -1/85 HPs)
             Began as a Demonspawn Wanderer on July 26, 2015.
             Was an Initiate of Qazlal.
             Succumbed to a water moccasin's poison
             ... on level 5 of the Dungeon.
             The game lasted 00:16:22 (6526 turns).

Chiseanne the Skirmisher (Demonspawn Wanderer)      Turns: 6526, Time: 00:16:23

Health: -1/85      AC: 23    Str: 12    XL:     7   Next: 48%
Magic:  2/2        EV:  2    Int: 15    God:    Qazlal [......]
Gold:   213        SH:  0    Dex: 11    Spells: 0 memorised, 6 levels left

rFire  . . .     SeeInvis +     s - +2 spear (antimagic)
rCold  . . .     Clarity  +     (armour currently unavailable)
rNeg   + + +     SustAt   .     (no shield)
rPois  +         Gourm    .     (helmet currently unavailable)
rElec  .         Spirit   .     (cloak currently unavailable)
rCorr  .         Warding  .     (gloves currently unavailable)
rMut   .         NoTele   +     (boots currently unavailable)
MR     .....                    (no amulet)
Stlth  +.........               (no ring)
                                i - ring of see invisible

@: lethally poisoned (-1 -> -19), tree-form, not resistant to hostile
enchantments, very unstealthy
A: (claws 0), (hooves 0), clarity, clumsy 1, powered by pain 1, rot immunity
a: Renounce Religion


You were on level 5 of the Dungeon.
You worshipped Qazlal.
Qazlal was noncommittal.
You were not hungry.
You were a tree.
You visited 2 branches of the dungeon, and saw 6 of its levels.
You also visited: Ossuary.

You collected 213 gold pieces.

Inventory:

Hand weapons
 a - a +1 dagger of venom
 s - a +2 antimagic spear (weapon)
Missiles
 d - 39 poisoned needles
 f - 48 arrows
 k - 9 arrows of dispersal
 l - 3 sling bullets of frost
 n - 4 needles of slowing
 y - 20 bolts
Armour
 c - a +3 leather armour of cold resistance (melded)
 t - a +1 pair of gloves (melded)
 B - a +0 helmet (melded)
Jewellery
 i - a ring of see invisible (left branch)
Magical devices
 o - a wand of slowing (34)
Scrolls
 b - a scroll of teleportation
 g - 2 scrolls of enchant armour
 m - 2 scrolls of remove curse
 v - a scroll of fear
Potions
 j - a potion of lignification
 u - a potion of flight {unknown}
 x - a potion of haste
Comestibles
 e - a bread ration
 h - a royal jelly
 q - a meat ration
 w - a chunk of flesh
 z - 3 beef jerkies


   Skills:
 * Level 5.9 Fighting
 - Level 3.6(3.8) Polearms
   Level 1.7(2.9) Staves
 - Level 1.7 Throwing
 * Level 5.1 Armour
 - Level 1.2 Dodging


You had 6 spell levels left.
You didn't know any spells.

Dungeon Overview and Level Annotations

Branches:
Dungeon (5/15)             Temple (1/1) D:4

Altars:
Dithmenos
Elyvilon
Fedhas
Makhleb
Qazlal
Ru
Trog
Vehumet
Zin
The Shining One

Annotations:
D:2 Natasha


Innate Abilities, Weirdness & Mutations

((You have large cloven feet.))
You sometimes gain a little power by taking damage.
You are immune to rotting.
((You have sharp fingernails.))
You possess an exceptional clarity of mind.
You are clumsy. (Dex -2)


Message History

The water moccasin is severely wounded.
* * * LOW HITPOINT WARNING * * *
You feel very sick. The water moccasin barely misses you.
You hit the water moccasin.
The water moccasin is almost dead.
* * * LOW HITPOINT WARNING * * *
You feel sick.
The water moccasin bites you but does no damage. x2
Drink which item? (? for menu, Esc to quit)
It was a potion of cure mutation.
It has a very clean taste.
* * * LOW HITPOINT WARNING * * *
You feel sick.
You kill the water moccasin!
Qazlal accepts your kill.
Your Armour skill increases to level 5!
Drink which item? (? for menu, Esc to quit)
It was a potion of mutation.
You feel extremely strange.
Your thoughts seem clearer.
Your fingernails lengthen.
You feel clumsy.
You die...

#..............#
#.............##
#.............+
#.............#
#.............#
#.............#
#.............#
#.............#
#......♣......#
#.............#
#.............#
###############


There were no monsters in sight!

Vanquished Creatures
  A water moccasin (D:5)
  An ogre (D:4)
  A scorpion (D:5)
  2 orc wizards (D:3)
  A gnoll shaman (D:4)
  Ijyb (D:2)
  Jessica (D:3)
  Terence (D:4)
  An iguana (D:4)
  2 worker ants (D:4)
  Robin (D:3)
  7 gnolls
  7 adders
  2 oozes (D:1)
  5 worms
  6 giant geckos
  4 orcs
  2 ball pythons
  A bat skeleton (D:4)
  19 goblins
  4 hobgoblins
  11 jackals
  11 kobolds
  A quokka (D:5)
  16 bats
  4 giant cockroaches
  A giant gecko skeleton (D:5)
  A giant gecko zombie (D:5)
  5 giant newts
  A gnoll zombie (Ossuary)
  A hobgoblin zombie (Ossuary)
  A kobold zombie (Ossuary)
  3 orc zombies (Ossuary)
  5 rats
131 creatures vanquished.

Notes
Turn   | Place    | Note
--------------------------------------------------------------
     0 | D:1      | Chiseanne the Demonspawn Wanderer began the quest for the Orb.
     0 | D:1      | Chiseanne set off with: a +2 spear, a scroll of teleportation, a potion of curing, a +0 robe, a bread ration
     0 | D:1      | Reached XP level 1. HP: 15/15 MP: 1/1
   114 | D:1      | Gained mutation: You sometimes gain a little power by taking damage. [demonic ancestry]
   114 | D:1      | Reached XP level 2. HP: 17/22 MP: 2/2
   228 | D:1      | Reached skill level 1 in Armour
   481 | D:1      | Gained mutation: You have large cloven feet. [demonic ancestry]
   481 | D:1      | Reached XP level 3. HP: 24/27 MP: 3/3
   872 | D:2      | Noticed Ijyb
   917 | D:2      | Killed Ijyb
   917 | D:2      | Gained mutation: You are immune to rotting. [demonic ancestry]
   917 | D:2      | Reached XP level 4. HP: 20/35 MP: 4/4
  1478 | D:2      | Noticed Natasha
  1900 | D:3      | Reached XP level 5. HP: 18/41 MP: 5/5
  2692 | D:3      | Reached skill level 4 in Fighting
  3207 | D:3      | Reached XP level 6. HP: 48/48 MP: 6/6
  3223 | D:3      | Noticed Jessica
  3239 | D:3      | Killed Jessica
  3531 | D:3      | Noticed Robin
  3540 | D:3      | Killed Robin
  3613 | D:3      | Found a sacrificial altar of Ru.
  4111 | D:4      | Found a sand-covered staircase.
  4120 | Ossuary  | Entered an ossuary
  4544 | D:4      | Found a bloodstained altar of Trog.
  5389 | D:4      | Noticed Terence
  5402 | D:4      | Killed Terence
  5402 | D:4      | Reached skill level 5 in Fighting
  5426 | D:4      | Reached XP level 7. HP: 32/56 MP: 7/7
  5597 | D:4      | Found a staircase to the Ecumenical Temple.
  5638 | Temple   | Entered the Ecumenical Temple
  5695 | Temple   | Became a worshipper of Qazlal Stormbringer
  6088 | D:5      | Entered Level 5 of the Dungeon
  6523 | D:5      | HP: 4/85 [poisoned by a water moccasin]
  6525 | D:5      | HP: 1/85 [poisoned by a water moccasin]
  6525 | D:5      | Reached skill level 5 in Armour
  6526 | D:5      | Gained mutation: You possess an exceptional clarity of mind. [potion of mutation]
  6526 | D:5      | Gained mutation: You have sharp fingernails. [potion of mutation]
  6526 | D:5      | Gained mutation: You are clumsy. (Dex -2) [potion of mutation]
  6526 | D:5      | Succumbed to a water moccasin's poison

Vault maps used:
D:1:      saegor_arrival_simple_e, minivault_23, roderic_three_in_a_row
D:2:      nicolae_overflow_hidden_temple, first_bread, uniq_terence,
          uniq_natasha, uniq_iyjb
D:3:      lemuel_round_altar, uniq_robin, uniq_jessica
D:4:      lemuel_crystal_altar, minmay_temple_entry_nine_rooms,
          nicolae_ossuary_entry_ruins
D:5:      led_sif_pool
Temple:   minmay_temple_bridge_a_8
Ossuary:  ossuary_tomb_3

Action                   |  1- 3 |  4- 6 |  7- 9 || total
-------------------------+-------+-------+-------++-------
Melee: Spear             |   139 |   266 |    20 ||   425
       Dagger            |       |    64 |    36 ||   100
       Short sword       |       |     1 |       ||     1
  Use: Potion            |     1 |     4 |     3 ||     8
       Scroll            |       |    11 |     3 ||    14
 Stab: Sleeping          |     1 |       |       ||     1
  Eat: Chunk             |       |    12 |     4 ||    16
       Fruit             |       |     3 |       ||     3
